cohdb
Replays
Latest Replays
All Replays
Popular Replays
Top Player Replays
Match Explorer
How It Works
Community
CoH3 Stats
Reddit
Sign in to upload your games and track your stats! →
Sign in with Steam
Match 41529075
Unlisted
Match 41529075
Overview
Messages
Build Orders
End
Panzerpioneer Squad
Panzerpioneer Squad
Selects Armored Support Battlegroup
250 Light Carrier
Panzerpioneer Squad
Panzerpioneer Squad
Construct Light Support Kompanie
2.5-tonne Medical Truck
MG34 Team
Panzerjäger Squad
Fire Support Elements
Panzerjäger Mechanized Group
Veteran Squad Leaders
UH|dun! ツ
UH|ck
iceman
Truth
thep0stalman
Two Scars
0
0
Comments
sign in to comment!
No comments posted yet!